 Dungeon Crawl Stone Soup version 0.29.1-2-gbd0b4ee654 (webtiles) character file.

Game seed: 14154872029366056351

197 safid the Shooter (level 5, -1/48 HPs)
             Began as a Minotaur Hunter on Nov 7, 2022.
             Killed from afar by an orc wizard (4 damage)
             ... with a magic dart
             ... on level 3 of the Dungeon.
             The game lasted 00:03:47 (2377 turns).

safid the Shooter (Minotaur Hunter)                 Turns: 2377, Time: 00:03:48

Health: -1/48      AC:  5    Str: 15    XL:     5   Next: 46%
Magic:  4/4        EV: 12    Int:  6    God:
Gold:   220        SH:  0    Dex: 16    Spells: 4/4 levels left

rFire   . . .      SeeInvis .   a - +0 shortbow
rCold   . . .      Faith    .   (shield currently unavailable)
rNeg    . . .      Spirit   .   c - +0 leather armour
rPois   .          Reflect  .   (helmet restricted)
rElec   .          Harm     .   e - +0 cloak
rCorr   .          Rampage  .   (no gloves)
Will    .....                   p - +0 pair of boots
Stlth   +.........              (no amulet)
HPRegen 0.16/turn               (no ring)
MPRegen 0.09/turn               (no ring)

@: no status effects
A: horns 2, retaliatory headbutt
a: no special abilities


You were on level 3 of the Dungeon.
You visited 1 branch of the dungeon, and saw 3 of its levels.

You collected 220 gold pieces.

Inventory:

Hand Weapons
 a - a +0 shortbow (weapon)
Armour
 c - a +0 leather armour (worn)
 e - a +0 cloak (worn)
 p - a +0 pair of boots (worn)
Jewellery
 d - a ring of ice
Scrolls
 b - a scroll of immolation
 h - 6 scrolls of identify {unknown}
 i - a scroll of poison {unknown}
 j - 4 scrolls of teleportation {unknown}
 n - a scroll of magic mapping {unknown}
 o - a scroll of fear {unknown}
 r - a scroll of enchant armour {unknown}
Potions
 f - a potion of resistance {unknown}
 g - a potion of degeneration {unknown}
 k - a potion of flight {unknown}
 l - a potion of berserk rage {unknown}
 m - a potion of haste {unknown}
 q - a potion of heal wounds


   Skills:
 + Level 5.2 Fighting
 + Level 6.1 Ranged Weapons
 - Level 2.1 Dodging
 - Level 0.7 Stealth


You had 4 spell levels left.
You didn't know any spells.
Your spell library contained the following spells:

 Spells                   Type           Power      Damage    Failure   Level
 Magic Dart               Conj           0%         1d3       52%         1
 Call Imp                 Summ           0%         N/A       67%         2
 Mephitic Cloud           Conj/Pois/Air  0%         N/A       88%         3


Dungeon Overview and Level Annotations

Branches:
Dungeon (3/15)

Altars:


Innate Abilities, Weirdness & Mutations

You have a pair of horns on your head.
You reflexively headbutt those who attack you in melee.


Message History

Unknown command.
Non-targeted confused fire: a) +0 shortbow
Press: ? - help, Q - select action Dir - look around, f - activate You shoot an arrow.
Something hits you but does no damage.
Non-targeted confused fire: a) +0 shortbow
Press: ? - help, Q - select action Dir - look around, f - activate You shoot an arrow.
Something hits you but does no damage. Something hits you.
* * * LOW HITPOINT WARNING * * *
Non-targeted confused fire: a) +0 shortbow
Press: ? - help, Q - select action Dir - look around, f - activate You shoot an arrow.
Something hits you.
* * * LOW HITPOINT WARNING * * *
Unknown command.
Non-targeted confused fire: a) +0 shortbow
Press: ? - help, Q - select action Dir - look around, f - activate You shoot an arrow.
You feel less confused. Something hits you but does no damage.
Fire: a) +0 shortbow
Press: ? - help, Q - select action Shift-Dir - straight line You shoot an arrow.
Something hits you but does no damage.
Fire: a) +0 shortbow
Press: ? - help, Q - select action Shift-Dir - straight line You shoot an arrow.
You hear some strange, mumbled words.
A magic dart appears from out of thin air!
The magic dart hits you.
* * * LOW HITPOINT WARNING * * *
Something completely misses you.
Fire: a) +0 shortbow
Press: ? - help, Q - select action Shift-Dir - straight line You shoot an arrow.
You hear some strange, mumbled words.
A magic dart appears from out of thin air!
The magic dart hits you.
You die...

#######.# #.....#
......#.# ###.....#
.......)### #.......#
#.....# #.......#
#####.....# #.......#
........).######.......#
#####.##)##..........).#
#. #{#.............# #.
#@#......######.# #
#.#......# #.## #.#
#.#......# #.## #.# #.#
#.#......# #.## ##+#.#
#.# #.#......# #...
#....# #.#.##.#......#
#### #....#
#.#.##.##....### ###
#....# #.#.##...........
... #....###
#.#.#####....#### #####


There were no monsters in sight!

Vanquished Creatures
  An orc priest (D:3)
  2 orc wizards (D:3)
  3 gnolls (D:3)
  3 adders
  A worm (D:2)
  3 dart slugs
  6 orcs (D:3)
  5 endoplasms
  3 giant cockroaches
  3 hobgoblins
  A quokka (D:1)
  3 ball pythons
  4 bats
  4 frilled lizards
  3 goblins
  4 kobolds
  3 rats
52 creatures vanquished.

Notes
Turn   | Place    | Note
-------+----------+-------------------------------------------
     0 | D:1      | safid the Minotaur Hunter began the quest for the Orb.
     0 | D:1      | Reached XP level 1. HP: 18/18 MP: 0/0
   228 | D:1      | Reached XP level 2. HP: 24/26 MP: 1/1
   862 | D:2      | Reached skill level 5 in Ranged Weapons
   862 | D:2      | Reached XP level 3. HP: 31/31 MP: 2/2
   886 | D:2      | Identified the +4 whip "Acarine's Peril" {drain, SInv}
  1286 | D:2      | Found a faded altar of an unknown god.
  1924 | D:3      | Reached XP level 4. HP: 30/40 MP: 3/3
  1928 | D:3      | Reached XP level 5. HP: 27/47 MP: 4/4
  2261 | D:3      | Identified the +3 leather armour "Bungykes" {Harm Int+3}
  2352 | D:3      | Reached skill level 5 in Fighting
  2353 | D:3      | Reached skill level 6 in Ranged Weapons
  2377 | D:3      | Killed from afar by an orc wizard

Illustrated notes

Levels and vault maps discovered:
D:1:      mrwooster_arrival_statue_3, layout_basic, serial_bayou_ford_a
D:2:      layout_basic, hellmonk_ecumenical_altar_leap_of_faith,
          minmay_tromino_v7
D:3:      layout_basic

Skill      XL: |  1  2  3  4  5 |
---------------+----------------+-----
Fighting       | 3 4 5 |  5.2
Ranged Weapons | 5 6 |  6.1
Dodging        | |  2.1
Stealth        | |  0.7

Action                   |  1- 3 |  4- 6 || total
-------------------------+-------+-------++-------
 Fire: Shortbow          |    85 |    59 ||   144
  Use: Potion            |       |     1 ||     1
Armor: Leather armour    |     5 |    21 ||    26
Dodge: Dodged            |     6 |    22 ||    28
